Map: 10000 Feet LE

Players

Indy - Winner!

  • Race: Terran Terran
  • Spawn Location: 11:00

A.I. 1 (Hard)

  • Race: Terran Terran
  • Spawn Location: 5:00

VOD

Have the link to the VOD?

Description

Time

  • Played on: Nov. 22, 2025, 11:25 a.m.
  • Length: 9:24
Show
View Real Time Build Order
Export as new Build Order

Indy Terran - Winner!

Build Orders:  

Get SALT Encoding   

  12  0:00  SCV  
  13  0:12  SCV  
  14  0:17  Supply Depot  
  14  0:24  SCV  
  15  0:38  SCV  
  15  0:40  Barracks  
  16  0:45  Refinery  
  16  0:50  SCV  
  16  0:54  Refinery  
  17  1:03  SCV  
  18  1:15  SCV  
  19  1:27  Reaper  
  19  1:28  Supply Depot, Orbital Command  
  20  1:43  Factory  
  20  1:55  SCV  
  20  1:59  Reaper  
  22  2:07  SCV  
  23  2:19  SCV  
  24  2:24  Command Center  
  24  2:28  Hellion  
  26  2:31  SCV  
  26  2:32  Barracks Reactor  
  27  2:43  Supply Depot, SCV  
  28  2:52  Starport, Factory Tech Lab  
  28  2:55  SCV  
  29  3:07  SCV  
  29  3:09  Marine x2  
  29  3:12  Cyclone  
  35  3:19  SCV  
  36  3:27  Marine x2  
  36  3:30  Starport Tech Lab  
  36  3:31  SCV  
  39  3:35  Orbital Command  
  39  3:44  SCV, Siege Tank  
  43  3:57  Starport Reactor  
  43  3:59  Barracks, Marine  
  43  4:00  Barracks, SCV  
  45  4:06  SCV  
  45  4:09  Stimpack  
  46  4:14  SCV  
  47  4:17  Marine  
  47  4:18  SCV  
  47  4:23  Refinery  
  49  4:24  Supply Depot  
  49  4:26  SCV  
  49  4:27  Supply Depot  
  49  4:30  SCV  
  51  4:32  Siege Tank  
  54  4:45  Starport Reactor  
  54  4:46  SCV x2, Marine  
  54  4:48  Supply Depot  
  54  4:49  Supply Depot  
  54  4:52  Marine x2  
  59  4:57  Marine x2  
  59  4:58  SCV x2  
  63  5:08  Marine  
  63  5:09  Marine  
  63  5:10  SCV x2, Marine  
  63  5:11  Supply Depot  
  63  5:14  Siege Tank  
  71  5:21  Medivac x2  
  73  5:25  SCV  
  73  5:26  Refinery, SCV  
  73  5:27  Marine  
  78  5:29  Marine  
  78  5:31  Marine  
  78  5:32  Marine  
  78  5:33  Marine  
  82  5:42  SCV  
  83  5:48  Combat Shield  
  83  5:51  Barracks x2, Siege Tank  
  86  5:59  Medivac  
  86  6:01  Marine x5  
  93  6:12  Supply Depot  
  93  6:14  Supply Depot  
  93  6:15  Engineering Bay  
  93  6:19  Marine  
  94  6:26  Supply Depot  
  94  6:33  Marine x2  
  94  6:34  Siege Tank, Marine x2  
  94  6:35  Medivac x2  
  94  6:38  Barracks Reactor x2  
  105  6:42  Supply Depot  
  105  6:45  Terran Infantry Weapons Level 1  
  105  6:58  Marine x4  
  105  6:59  Marine  
  110  7:06  Siege Tank  
  110  7:07  Supply Depot  
  110  7:08  Supply Depot x3  
  113  7:09  Medivac  
  113  7:15  Medivac  
  117  7:16  Marine x4  
  117  7:17  Marine x4  
  117  7:19  Marine  
  126  7:39  Marine x4  
  126  7:40  Marine x4  
  126  7:41  Siege Tank, Marine  
  66  7:44  Medivac  
  138  7:46  Medivac  
  142  8:00  Marine  
  142  8:01  Marine x7  
  142  8:02  Marine  
  150  8:12  Supply Depot  
  148  8:13  Supply Depot  
  148  8:19  Liberator x2  
  151  8:34  Marine x7  
  151  8:35  Siege Tank, Marine  
  151  8:37  Marine  
  155  8:44  Supply Depot  
Show
View Real Time Build Order
Export as new Build Order

A.I. 1 (Hard) Terran 

Build Orders: 2 Factory 

Get SALT Encoding   

  12  0:00  SCV  
  13  0:13  SCV  
  14  0:18  Supply Depot  
  14  0:25  SCV  
  15  0:39  SCV  
  16  0:43  Barracks  
  16  0:51  SCV  
  17  1:03  SCV  
  18  1:22  SCV  
  18  1:24  Supply Depot  
  19  1:25  Refinery  
  19  1:30  Command Center  
  19  1:35  Marine  
  20  1:45  Orbital Command  
  20  1:53  Marine  
  21  2:06  Barracks  
  21  2:11  SCV  
  21  2:14  Refinery, Barracks Tech Lab  
  22  2:23  SCV  
  23  2:30  Supply Depot  
  23  2:35  Marauder  
  25  2:38  SCV  
  26  2:49  SCV  
  27  2:55  SCV  
  27  2:56  Marauder  
  30  3:01  SCV  
  30  3:04  Marine  
  32  3:07  SCV  
  32  3:13  SCV  
  32  3:18  Marine  
  34  3:21  Factory  
  34  3:22  Barracks Tech Lab  
  34  3:28  Factory  
  34  3:42  Refinery  
  34  3:49  Refinery  
  34  4:05  Factory Tech Lab  
  34  4:09  Starport  
  34  4:10  SCV  
  34  4:12  SCV, Starport  
  34  4:13  Factory Tech Lab  
  36  4:19  Reaper  
  36  4:22  SCV  
  36  4:24  SCV  
  39  4:33  Widow Mine  
  39  4:34  SCV  
  39  4:35  Stimpack  
  39  4:36  SCV  
  43  4:45  Starport Tech Lab  
  43  4:46  SCV, Combat Shield  
  43  4:48  SCV, Starport Tech Lab  
  45  4:55  Marine  
  45  4:58  SCV, Engineering Bay  
  46  5:00  SCV  
  47  5:09  Marine  
  47  5:10  SCV  
  49  5:16  Supply Depot  
  49  5:17  SCV  
  50  5:22  Marine  
  50  5:23  SCV  
  50  5:25  Terran Infantry Armor Level 1  
  52  5:29  SCV  
  53  5:36  Marine  
  53  5:38  SCV  
  53  5:41  SCV  
  56  5:45  Supply Depot  
  56  5:50  SCV, Marauder  
  59  6:04  Marauder  
  61  6:05  Concussive Shells  
  61  6:07  SCV  
  61  6:09  Supply Depot  
  62  6:17  Reaper  
  63  6:31  SCV, Siege Tank  
  63  6:32  SCV, Missile Turret  
  68  6:33  Ghost Academy  
  68  6:35  Supply Depot  
  68  6:43  SCV  
  68  6:44  SCV  
  68  6:45  Widow Mine  
  51  6:55  SCV  
  51  6:56  SCV  
  51  6:58  Viking  
  55  7:07  SCV  
  56  7:08  SCV  
  56  7:12  Reaper  
  58  7:18  Raven  
  58  7:19  SCV  
  58  7:20  SCV  
  62  7:25  Ghost  
  62  7:26  Armory  
  64  7:31  SCV  
  64  7:35  SCV  
  66  7:43  Raven, SCV  
  69  7:47  SCV  
  70  7:55  SCV, Missile Turret  
  71  8:02  Supply Depot, SCV  
  71  8:07  SCV  
  70  8:14  Ghost, SCV  
  74  8:20  SCV  
  74  8:26  SCV  
  64  8:27  Viking  
  64  8:31  Marine  
  47  8:35  Viking  
  47  8:39  Hellion  
  33  8:43  Marine  
  33  8:45  SCV  
  24  8:55  SCV  
  24  8:58  SCV  
  21  9:07  SCV  
Tags
 
Matchup
TvT
Opening
2 Factory
Player
Indy
Race
Terran
Spawn Locations
Cross Positions
Add a new tag
Caveats
  • Supply blocks, unpowered buildings, or Contaminate may cause inaccurate times.
  • Supply counts are checked every 10 seconds.